 Dungeon Crawl Stone Soup version 0.13.0-3-g966e3ec (webtiles) character file.

183 Malachi the Ruffian (level 4, -4/35 HPs)
             Began as a Centaur Transmuter on Oct 13, 2013.
             Killed by divine providence
             ... invoked by an orc priest
              (15 damage)
             ... on Level 3 of the Dungeon.
             The game lasted 00:04:14 (2851 turns).

Malachi the Ruffian (Centaur Transmuter)            Turns: 2851, Time: 00:04:14

HP  -4/35        AC  5     Str 13      XL: 4   Next: 73%
MP   3/4         EV  9     Int 13      God:
Gold 64          SH  0     Dex  9      Spells:  1 memorised,  5 levels left

Res.Fire  : . . .   See Invis. : .     - Unarmed
Res.Cold  : . . .   Warding    : .   c - +1 robe
Life Prot.: . . .   Conserve   : .   (no shield)
Res.Poison: .       Res.Corr.  : .   (no helmet)
Res.Elec. : .       Clarity    : .   (no cloak)
Sust.Abil.: . .     Spirit.Shd : .   (no gloves)
Res.Mut.  : .       Stasis     : .   (no barding)
Res.Rott. : .       Flight     : .   (no amulet)
Saprovore : . . .                    (no ring)
                                     j - cursed ring of hunger

@: very slightly contaminated, drained, very quick, slightly resistant to
hostile enchantments, extremely unstealthy
A: hooves 3, deformed body, herbivore 1, speed 2, fast metabolism 1, tough skin
3
a: no special abilities


You were on level 3 of the Dungeon.
You were hungry.

You visited 1 branch of the dungeon, and saw 3 of its levels.

You collected 44 gold pieces.

Inventory:

Hand weapons
 k - a +1,+1 sling of frost
 n - a +1,+0 vampiric spear (quivered)
Missiles
 b - 12 arrows
Armour
 c - a +1 robe (worn)
Comestibles
 a - 3 bread rations
 h - a chunk of orc flesh
Scrolls
 f - 4 scrolls of identify
 g - 2 scrolls of noise
 q - 3 scrolls of recharging {unknown}
Jewellery
 j - a cursed ring of hunger (left hand)
Potions
 e - a potion of porridge
 i - 2 potions of curing
 m - a potion of slowing {unknown}
 o - a potion of degeneration {unknown}
Books
 d - a book of Changes

   Spells                             Type                      Level
   *Beastly Appendage                 Transmutation                1
   Sticks to Snakes                   Transmutation                2
   Spider Form                        Transmutation/Poison         3
   Ice Form                           Ice/Transmutation            4
   Blade Hands                        Transmutation                5


   Skills:
 + Level 1.3(1.1) Fighting
 + Level 1.7(1.5) Dodging
 + Level 0.1(0.0) Stealth
 * Level 4.8(4.6) Unarmed Combat
 + Level 1.8(1.6) Spellcasting
 + Level 2.1(1.9) Transmutations


You had 5 spell levels left.
You knew the following spells:

 Your Spells              Type           Power        Failure   Level  Hunger
a - Beastly Appendage     Trmt           #.....       14%         1    ##.....


Dungeon Overview and Level Annotations

Branches:
Dungeon (3/27)

Altars:
Zin


Innate Abilities, Weirdness & Mutations

You have hooves in place of feet.
Armour fits poorly on your strangely shaped body.
You digest meat inefficiently.
You cover ground very quickly.
You have a fast metabolism.
You have extremely tough skin (AC +3).


Message History

Okay, then.
You start resting.
You are feeling hungry.
You start resting.
An orc priest is nearby!
An orc priest is nearby!
An orc priest is nearby!
The orc priest shouts!
Casting: Beastly Appendage
Confirm with . or Enter, or press ? or * to list all spells.
You miscast Beastly Appendage.
You are very lightly contaminated with residual magic.
Nothing appears to happen.
You closely miss the orc priest.
The orc priest hits you with a glowing battleaxe.
You hit the orc priest but do no damage.
Your kick misses the orc priest.
The orc priest invokes the aid of Beogh against you.
Something smites you!
You die...

. #.#.# #..... ....
#.#.# #.<.). .$...
#.#.# #>.... .(....
#...# ######
.......
#...###########
.......
#..............
....(..
#...###########
........#######.###
........)[..@o..#
........#########
#######


You could see an orc priest.

Vanquished Creatures
  An orc priest (D:3)
  Terence (D:2)
  An adder (D:2)
  2 giant mites
  A worm (D:2)
  A giant gecko (D:3)
  7 orcs (D:3)
  10 bats
  6 goblins
  A hobgoblin (D:2)
  6 kobolds
  2 giant cockroaches
  A giant newt (D:1)
  3 rats
43 creatures vanquished.

Notes
Turn   | Place    | Note
--------------------------------------------------------------
     0 | D:1      | Malachi, the Centaur Transmuter, began the quest for the Orb.
     0 | D:1      | Reached XP level 1. HP: 16/16 MP: 1/1
   165 | D:1      | Reached XP level 2. HP: 23/23 MP: 2/2
  1392 | D:2      | Reached XP level 3. HP: 21/28 MP: 4/4
  1426 | D:2      | Noticed Terence
  1451 | D:2      | Killed Terence
  1451 | D:2      | Reached skill level 4 in Unarmed Combat
  1691 | D:2      | Found a glowing silver altar of Zin.
  2283 | D:2      | Reached XP level 4. HP: 35/35 MP: 4/4
  2851 | D:3      | Killed from afar by an orc priest

Action                   |  1- 3 |  4- 6 || total
-------------------------+-------+-------++-------
Melee: Unarmed           |   121 |    51 ||   172
Throw: Spear             |     1 |       ||     1
 Cast: Beastly Appendage |     2 |     4 ||     6
  Use: Potion            |     1 |     1 ||     2
       Scroll            |       |     6 ||     6
